 Dungeon Crawl Stone Soup version 0.20.1-1-g8b1a95d (webtiles) character file.

0 equalderp2856 the Sneak (level 1, -1/16 HPs)
             Began as a Formicid Assassin on July 24, 2017.
             Slain by an ogre
             ... wielding a +0 giant club
              (17 damage)
             ... on level 11 of the Dungeon.
             The game lasted 00:04:24 (1148 turns).

equalderp2856 the Sneak (Formicid Assassin)         Turns: 1148, Time: 00:04:24

Health: -1/16      AC:  3    Str: 15    XL:     1   Next: 0%
Magic:  1/1        EV: 11    Int: 10    God:
Gold:   77         SH:  0    Dex: 12    Spells: 0/0 levels left

rFire    . . .     SeeInvis +   a - +2 dagger
rCold    . . .     Gourm    .   (no shield)
rNeg     . . .     Faith    .   c - +0 robe
rPois    .         Spirit   .   (helmet unavailable)
rElec    .         Reflect  .   d - +0 cloak
rCorr    .         Harm     .   (no gloves)
MR       .....                  (no boots)
Stlth    +++.......             j - amulet of rage
Regen    0.1/turn               (no ring)
MPRegen  0.1/turn               (no ring)

@: no status effects
A: permanent stasis, dig shafts and tunnels, four strong arms, antennae 3
a: Dig, Shaft Self


You were on level 11 of the Dungeon.
You were hungry.

You visited 1 branch of the dungeon, and saw 9 of its levels.

You collected 77 gold pieces.

Inventory:

Hand Weapons
 a - a +2 dagger (weapon)
 b - a +0 blowgun
Missiles
 e - 8 poisoned needles
 f - 2 curare-tipped needles
Armour
 c - a +0 robe (worn)
 d - a +0 cloak (worn)
Jewellery
 j - an amulet of rage (around neck)
Wands
 i - a wand of random effects (17/48)
 n - a wand of enslavement (6/24)
Scrolls
 h - 2 scrolls of remove curse {unknown}
 l - a scroll of random uselessness {unknown}
 m - a scroll of teleportation {unknown}
 p - a scroll of immolation {unknown}
Potions
 k - a potion of berserk rage {unknown}
 o - a potion of brilliance {unknown}
 q - a potion of flight {unknown}
Comestibles
 g - 2 bread rations


   Skills:
 + Level 2.1 Fighting
 + Level 2.0 Short Blades
 + Level 2.0 Throwing
 + Level 0.8 Dodging
 + Level 4.8 Stealth


You couldn't memorise any spells.
You didn't know any spells.

Dungeon Overview and Level Annotations

Branches:
Dungeon (9/15)
 Temple: D:4-7         Lair: D:8-11         Orc: D:9-12

Altars:
Nemelex Xobeh

Shops:
D:9 }   D:11 [(

Annotations:
D:3 LeVisiteur's ghost, weakling DrCK


Innate Abilities, Weirdness & Mutations

You cannot be hasted, slowed, berserked, paralysed or teleported.
You can dig through walls and to a lower floor.
Your four strong arms can wield two-handed weapons with a shield.
You have a pair of large antennae on your head. (SInv)


Message History

You close the door.
There is an open door here.
You open the door.
Found a scroll labeled QAITSE QIOGEL.
There is an open door here.
p - a scroll labeled QAITSE QIOGEL
Found a puce potion.
q - a puce potion A centaur comes into view.
Found Ocarie Tidu's Specialty Armours.
Press: ? - help, . - travel You can't see that place. [a shop.]
You open the door.
An ogre comes into view. It is wielding a giant club.
There is an open door here.
The ogre barely misses you. The ogre hits you with a giant club!
Ouch! That really hurt!
You die...

{{ {
###+############
#....@.........#
#.....O........#
#..............#
#..............#
#..............#
{
#..............#
####'###########
# #......# #
#......# #


You could see an ogre.

Vanquished Creatures (others)
  A worker ant (D:8)
1 creature vanquished.

Notes
Turn   | Place    | Note
-------+----------+-------------------------------------------
     0 | D:1      | equalderp2856 the Formicid Assassin began the quest for the Orb.
     0 | D:1      | Reached XP level 1. HP: 16/16 MP: 1/1
    39 | D:1      | You fall through a shaft!
   134 | D:3      | Noticed LeVisiteur's ghost (weakling DrCK)
   232 | D:5      | Entered Level 5 of the Dungeon
   232 | D:5      | Found a sparkling altar of Nemelex Xobeh.
   232 | D:5      | Noticed an orc priest
   237 | D:5      | You fall through a shaft for 2 floors!
   247 | D:8      | Killed a worker ant
   255 | D:9      | Noticed a bullfrog
   255 | D:9      | Noticed a two-headed ogre
   306 | D:9      | Found Wauhuzoics's Gadget Shop.
   376 | D:9      | Noticed an iguana
   389 | D:9      | Noticed an ogre
   486 | D:9      | Noticed a bullfrog
   544 | D:9      | Noticed a howler monkey
   544 | D:9      | Noticed a howler monkey
   581 | D:9      | You fall through a shaft for 2 floors!
   863 | D:11     | Noticed a manticore
   888 | D:11     | Found Sitt's Weapon Emporium.
   890 | D:11     | Noticed a yak
   890 | D:11     | Noticed a yak
   891 | D:11     | Noticed a yak
  1113 | D:11     | Found Ocarie Tidu's Specialty Armours.
  1113 | D:11     | Noticed a centaur
  1140 | D:11     | Noticed an ogre
  1148 | D:11     | Slain by an ogre

Action                   || total
-------------------------++-------
 Abil: Shaft Self        ||     3
  Eat: Fruit             ||     1
Armor: Robe              ||     1
Dodge: Dodged            ||     4
